 Dungeon Crawl Stone Soup version 0.13-a0-2910-g7a74111 (webtiles) character file.

342 PolkaDot the Ruinous (level 5, -1/35 HPs)
             Began as a Vampire Conjurer on Sept 1, 2013.
             Slain by an orc
             ... wielding a +0,+1 orcish flail
              (10 damage)
             ... on Level 3 of the Dungeon.
             The game lasted 00:16:38 (3564 turns).

PolkaDot the Ruinous (Vampire Conjurer)             Turns: 3564, Time: 00:16:38

HP  -1/35        AC  2     Str  7      XL: 5   Next: 43%
MP   1/9         EV 13     Int 23      God:
Gold 149         SH  0     Dex 18      Spells:  2 memorised,  3 levels left

Res.Fire  : . . .   See Invis. : +   k - +1,+0 dwarf short sword
Res.Cold  : + . .   Warding    : .   a - +0 robe
Life Prot.: + + .   Conserve   : .   (no shield)
Res.Poison: +       Res.Corr.  : .   (no helmet)
Res.Elec. : .       Clarity    : .   (no cloak)
Sust.Abil.: . .     Spirit.Shd : .   (no gloves)
Res.Mut.  : .       Stasis     : .   (no boots)
Res.Rott. : +       Flight     : .   (no amulet)
Saprovore : . . .                    (no ring)
                                     b - +4 ring of dexterity

@: regenerating slowly, brilliant, slightly resistant to hostile enchantments,
stealthy
A: fangs 3, see invisible, unbreathing
a: Bat Form


You were on level 3 of the Dungeon.
You were very thirsty.

You visited 1 branch of the dungeon, and saw 3 of its levels.

You collected 129 gold pieces.

Inventory:

Hand weapons
 k - a +1,+0 dwarven short sword (weapon)
Armour
 a - a +0 robe (worn)
Scrolls
 g - 2 scrolls of curse weapon {unknown}
 h - 5 scrolls of identify {unknown}
 i - a scroll of amnesia {unknown}
 j - 2 scrolls of enchant weapon I {unknown}
 l - a scroll of enchant armour {unknown}
 m - a scroll of magic mapping {unknown}
 n - a scroll of recharging {unknown}
 o - 3 scrolls of random uselessness {unknown}
 p - a scroll of blinking
Jewellery
 b - a +4 ring of dexterity (left hand)
Potions
 d - a potion of resistance
 e - 2 potions of speed
Books
 c - a book of Conjurations

   Spells                             Type                      Level
   *Magic Dart                        Conjuration                  1
   *Searing Ray                       Conjuration                  2
   Dazzling Spray                     Conjuration/Hexes            3
   Iskenderun's Mystic Blast          Conjuration                  4
   Iskenderun's Battlesphere          Conjuration/Charms           4
   Fulminant Prism                    Conjuration/Hexes            5


   Skills:
 - Level 2.1 Dodging
 - Level 3.0 Stealth
 - Level 1.0 Spellcasting
 * Level 5.1 Conjurations


You had 3 spell levels left.
You knew the following spells:

 Your Spells              Type           Power        Failure   Level  Hunger
a - Magic Dart            Conj           ####         1%          1    ##.....
s - Searing Ray           Conj           #####.       1%          2    ###....


Dungeon Overview and Level Annotations

Branches:
Dungeon (3/27)

Altars:
Xom


Innate Abilities, Weirdness & Mutations

You heal slowly.
You have razor-sharp teeth.*
You have supernaturally acute eyesight.
You can survive without breathing.*


Message History

Aiming: Searing Ray
Press: ? - help, Shift-Dir - straight line, f - orc
Aim: an orc, wielding an orcish hand axe and wearing an orcish leather armour (severely wounded)
The searing ray hits the orc.
The orc is almost dead.
The orc barely misses you.
The searing ray hits the orc.
You kill the orc!
The searing ray hits the orc wizard.
You kill the orc wizard!
Your Conjurations skill increases to level 5!
Without enough magic to sustain it, your searing ray dissipates.
You hit the orc.
The orc is heavily wounded.
The orc hits you with an orcish flail!
* * * LOW HITPOINT WARNING * * *
You hit the orc but do no damage.
The orc is heavily wounded.
The orc hits you with an orcish flail!
You die...

#.........#
#.........#
#.........#
####.[.####
#.....#####
#........!#
####.###.###.#
#....###..##.#
#.##......##@#
#.##.###..##o#
##.##.# #..##o#
#.....###..##.#
####..##......##.#
..........###(##.#
####..##..# .##.#
#..##..###.##.#
#.......... #.#


You could see 2 orcs.

Vanquished Creatures
  An orc priest (D:3)
  An orc wizard (D:3)
  5 adders (D:2)
  A giant mite (D:2)
  3 giant geckos
  2 oozes
  7 orcs (D:3)
  2 ball pythons (D:3)
  5 goblins
  5 hobgoblins
  4 jackals (D:2)
  A quokka (D:3)
  6 bats
  3 giant cockroaches
  8 giant newts
  8 kobolds
  13 rats
75 creatures vanquished.

Notes
Turn   | Place    | Note
--------------------------------------------------------------
     0 | D:1      | PolkaDot, the Vampire Conjurer, began the quest for the Orb.
     0 | D:1      | Reached XP level 1. HP: 13/13 MP: 4/4
   328 | D:1      | Reached XP level 2. HP: 19/19 MP: 3/5
   334 | D:1      | Learned a level 2 spell: Searing Ray
  1554 | D:2      | Reached XP level 3. HP: 8/24 MP: 1/6
  1967 | D:2      | Reached skill level 4 in Conjurations
  2023 | D:2      | Found a shimmering altar of Xom.
  2145 | D:2      | Reached XP level 4. HP: 15/30 MP: 0/8
  3148 | D:3      | Reached XP level 5. HP: 35/35 MP: 2/9
  3561 | D:3      | Reached skill level 5 in Conjurations
  3564 | D:3      | Slain by an orc

Action                   |  1- 3 |  4- 6 || total
-------------------------+-------+-------++-------
Melee: Short sword       |    20 |    13 ||    33
       Unarmed           |     1 |       ||     1
 Cast: Magic Dart        |    62 |    32 ||    94
       Searing Ray       |     7 |    14 ||    21
  Use: Scroll            |     3 |       ||     3
       Potion            |       |     5 ||     5
 Stab: Sleeping          |     1 |     1 ||     2
